[Event "ICC tourney 2329 (3 2)"]
[Site "Internet Chess Club"]
[Date "2021.01.22"]
[Round "6"]
[White "Goran21"]
[Black "yogokings12"]
[Result "1/2-1/2"]
[ICCResult "Game drawn by repetition"]
[WhiteElo "2008"]
[BlackElo "1573"]
[Opening "Grünfeld: exchange, Sokolsky variation"]
[ECO "D89"]
[NIC "GI.05"]
[Time "22:57:26"]
[PlyCount "100"]
[TimeControl "180+2"]

1. d4 Nf6 2. c4 g6 3. Nc3 d5 4. cxd5 Nxd5 5. e4 Nxc3 6. bxc3 Bg7 7. Bc4 c5
8. Ne2 Nc6 9. Be3 O-O 10. O-O Bg4 11. f3 Na5 12. Bd3 cxd4 13. cxd4 Be6 14.
d5 Bxa1 15. Qxa1 f6 16. Bh6 Re8 17. Nf4 Bf7 18. e5 g5 19. e6 gxf4 20. exf7+
Kxf7 21. Rd1 Qb6+ 22. Kh1 Rad8 23. Bf5 Rd6 24. Bxf4 Nc4 25. Bxd6 Qxd6 26.
Qb1 Ne3 27. Be6+ Kg7 28. Re1 Nc4 29. Re4 Ne5 30. f4 Ng6 31. f5 Ne5 32. Re3
Ng4 33. Rg3 h5 34. Qb3 Kh6 35. Qc4 Qb6 36. Qf4+ Kh7 37. Qf1 Nf2+ 38. Kg1
Nh3+ 39. Kh1 Nf2+ 40. Kg1 Ne4+ 41. Kh1 Nxg3+ 42. hxg3 Qd4 43. Qe2 Qg4 44.
Qb5 Qxg3 45. Qxe8 Qe1+ 46. Kh2 Qh4+ 47. Kg1 Qe1+ 48. Kh2 Qh4+ 49. Kg1 Qe1+
50. Kh2 Qh4+ { Game drawn by repetition } 1/2-1/2

[Event "ICC tourney 2329 (3 2)"]
[Site "Internet Chess Club"]
[Date "2021.01.22"]
[Round "6"]
[White "Drachekokosnuss"]
[Black "hggonzalezzss"]
[Result "1-0"]
[ICCResult "Black checkmated"]
[WhiteElo "2100"]
[BlackElo "1776"]
[Opening "Sicilian"]
[ECO "B54"]
[NIC "SI.01"]
[Time "22:57:28"]
[PlyCount "135"]
[TimeControl "180+2"]

1. e4 c5 2. Nf3 d6 3. d4 cxd4 4. Nxd4 g6 5. Nc3 Bg7 6. Be3 Nc6 7. Bc4 Nf6
8. f3 Bd7 9. Qd2 h5 10. O-O-O a6 11. Nxc6 Bxc6 12. Nd5 Bxd5 13. exd5 b5 14.
Bb3 a5 15. a4 O-O 16. g4 Rb8 17. gxh5 Nxh5 18. Rdg1 Qd7 19. Bh6 bxa4 20.
Bc4 Bxb2+ 21. Kd1 Bg7 22. Bxg7 Nxg7 23. h4 Nh5 24. Qg5 Kh7 25. Bd3 Rg8 26.
Qxh5+ Kg7 27. Qg5 a3 28. h5 Rb1+ 29. Kd2 Rxg1 30. Rxg1 Rh8 31. Bxg6 f6 32.
Qg4 Qxg4 33. Rxg4 Rb8 34. Ra4 Rb4 35. Rxa5 a2 36. Rxa2 Rd4+ 37. Bd3 Rxd5
38. Ra7 Kf7 39. Kc3 Rc5+ 40. Kd2 f5 41. h6 Kg6 42. Rxe7 Kxh6 43. Re6+ Kg5
44. Rxd6 Kf4 45. Rd4+ Ke5 46. Rc4 Rd5 47. Kc3 Rd6 48. Rc5+ Ke6 49. Rxf5
Rxd3+ 50. cxd3 Kxf5 51. d4 Ke6 52. Kc4 Kd6 53. d5 Ke7 54. Kc5 Kd7 55. d6
Kd8 56. Kc6 Ke8 57. Kc7 Kf7 58. d7 Ke6 59. d8=Q Kf5 60. Qd4 Kg5 61. Qe4 Kf6
62. Kd6 Kf7 63. Qe6+ Kg7 64. Ke5 Kf8 65. Qd7 Kg8 66. Qe7 Kh8 67. Kf6 Kg8
68. Qg7# { Black checkmated } 1-0

[Event "ICC tourney 2329 (3 2)"]
[Site "Internet Chess Club"]
[Date "2021.01.22"]
[Round "6"]
[White "Assured"]
[Black "TjkTiger"]
[Result "1/2-1/2"]
[ICCResult "Game drawn because neither player has mating material"]
[WhiteElo "2577"]
[BlackElo "2597"]
[Opening "King's Indian: Torre attack"]
[ECO "A48"]
[NIC "QP.01"]
[Time "22:57:32"]
[PlyCount "123"]
[TimeControl "180+2"]

1. d4 Nf6 2. Nf3 g6 3. Bg5 Bg7 4. Nbd2 O-O 5. e3 d6 6. Bc4 c5 7. c3 Nc6 8.
O-O b6 9. Qe2 Bb7 10. h3 a6 11. a4 h6 12. Bf4 Re8 13. Bh2 e5 14. dxe5 dxe5
15. Rfd1 Qe7 16. e4 Nh5 17. Bd5 Na5 18. Bxb7 Qxb7 19. b4 cxb4 20. cxb4 Nc6
21. Nc4 Red8 22. b5 axb5 23. axb5 Rxa1 24. Rxa1 Nd4 25. Nxd4 exd4 26. Qd3
Nf6 27. Re1 Nd7 28. Nd6 Qa7 29. e5 Nxe5 30. Bxe5 Bxe5 31. Nxf7 Qxf7 32.
Rxe5 Kg7 33. g3 Rd7 34. h4 h5 35. Kg2 Rd5 36. Re4 Qf6 37. Kg1 Rd7 38. Rf4
Qe5 39. Kh2 Rf7 40. Qxd4 Qxd4 41. Rxd4 Rxf2+ 42. Kh3 Rf5 43. Rb4 Kf6 44. g4
Rd5 45. Kg3 Ke5 46. gxh5 gxh5 47. Kf3 Rd3+ 48. Kg2 Rd4 49. Rxd4 Kxd4 50.
Kf3 Kc5 51. Kf4 Kxb5 52. Kg5 Kc4 53. Kxh5 b5 54. Kg5 b4 55. h5 b3 56. h6 b2
57. h7 b1=Q 58. h8=Q Qc1+ 59. Kg6 Qc2+ 60. Kf7 Qf5+ 61. Qf6 Qxf6+ 62. Kxf6
{ Game drawn because neither player has mating material } 1/2-1/2

[Event "ICC tourney 2329 (3 2)"]
[Site "Internet Chess Club"]
[Date "2021.01.22"]
[Round "6"]
[White "muzikmixer"]
[Black "InfernoKing"]
[Result "1/2-1/2"]
[ICCResult "Game drawn because neither player has mating material"]
[WhiteElo "1633"]
[BlackElo "2133"]
[Opening "Mieses opening"]
[ECO "A00"]
[NIC "VO.13"]
[Time "22:57:37"]
[PlyCount "220"]
[TimeControl "180+2"]

1. d3 Nf6 2. Nf3 g6 3. c3 Bg7 4. e4 d6 5. Be2 O-O 6. O-O e5 7. Bg5 h6 8.
Bxf6 Bxf6 9. Nbd2 Bg7 10. d4 Nc6 11. d5 Ne7 12. c4 f5 13. Bd3 f4 14. Nb1 g5
15. h3 Ng6 16. Be2 Rf7 17. Nc3 Bf8 18. Nh2 Rg7 19. Bh5 Ne7 20. Ng4 Bxg4 21.
Qxg4 Qc8 22. Qxc8 Rxc8 23. Bg4 Ra8 24. Be6+ Kh8 25. f3 a6 26. Kf2 Nc8 27.
Bxc8 Rxc8 28. g3 fxg3+ 29. Kxg3 Be7 30. Kf2 Rf7 31. Ke2 Rcf8 32. Rf2 h5 33.
Raf1 Rf4 34. Ke3 Bd8 35. Ne2 Rh4 36. Ng1 c6 37. Rd2 Bb6+ 38. Ke2 Bxg1 39.
Rxg1 Rxh3 40. Rxg5 cxd5 41. Rxd5 Rfxf3 42. Rxd6 Re3+ 43. Kd2 Rxe4 44. Rd8+
Kh7 45. Rgg8 Rd4+ 46. Ke2 Rh2+ 47. Ke3 Rxd8 48. Rxd8 Rxb2 49. Rd7+ Kg6 50.
Ke4 Kf6 51. Rd6+ Ke7 52. Rh6 Rxa2 53. Kxe5 Re2+ 54. Kd5 Rd2+ 55. Kc5 Kd7
56. Rh7+ Kc8 57. Rxh5 Rg2 58. Rh6 Kc7 59. Rh7+ Kc8 60. Kb6 Rb2+ 61. Kc5 Kb8
62. Rh8+ Ka7 63. Rh7 Rg2 64. Kb4 Rg6 65. Rd7 Kb6 66. c5+ Kc6 67. Rf7 Rg4+
68. Ka5 Rg6 69. Kb4 b6 70. cxb6 Kxb6 71. Rf8 a5+ 72. Ka4 Rg4+ 73. Ka3 Kb5
74. Rb8+ Kc5 75. Ra8 Kb6 76. Rb8+ Ka6 77. Rf8 a4 78. Rf6+ Kb5 79. Rf5+ Kb6
80. Rh5 Rc4 81. Re5 Kc6 82. Re6+ Kd5 83. Rh6 Kc5 84. Rh5+ Kb6 85. Rh6+ Kb5
86. Re6 Rc3+ 87. Ka2 Kb4 88. Rb6+ Kc4 89. Ra6 Kb5 90. Ra8 Kb4 91. Rb8+ Kc4
92. Kb2 a3+ 93. Ka2 Rd3 94. Rc8+ Kb5 95. Rb8+ Ka4 96. Ra8+ Kb4 97. Rb8+ Kc4
98. Rh8 Kb4 99. Rh4+ Kb5 100. Ka1 Rd2 101. Kb1 Rb2+ 102. Ka1 Rb4 103. Rh5+
Ka4 104. Rh8 Rd4 105. Rb8 a2 106. Ra8+ Kb3 107. Rb8+ Kc3 108. Kxa2 Ra4+
109. Kb1 Rb4+ 110. Rxb4 Kxb4 { Game drawn because neither player has mating
material } 1/2-1/2

[Event "ICC tourney 2329 (3 2)"]
[Site "Internet Chess Club"]
[Date "2021.01.22"]
[Round "6"]
[White "Kyle45"]
[Black "MChessy"]
[Result "1/2-1/2"]
[ICCResult "Game drawn by mutual agreement"]
[WhiteElo "1100"]
[BlackElo "1950"]
[Opening "Caro-Kann: anti-anti-Caro-Kann defense"]
[ECO "B10"]
[NIC "CK.01"]
[Time "22:57:17"]
[PlyCount "208"]
[TimeControl "180+2"]

1. e4 c6 2. c4 d5 3. cxd5 cxd5 4. exd5 Qxd5 5. d4 Nc6 6. Be3 Bd7 7. Nc3 Qa5
8. Nf3 e6 9. a3 Nf6 10. Bd2 Qd8 11. Bd3 Be7 12. Qc2 O-O 13. Bg5 h6 14. Bf4
Nh5 15. Bg3 Qb6 16. Na4 Qa5+ 17. Nc3 Qb6 18. Ne2 Rac8 19. Qd2 Bf6 20. Qe3
Qxb2 21. Rd1 Qxa3 22. O-O Nxg3 23. Bh7+ Kxh7 24. Qxa3 Nxe2+ 25. Kh1 Nexd4
26. Nxd4 Nxd4 27. Rxd4 Bxd4 28. Qd3+ Kg8 29. Qxd4 Bb5 30. Rb1 Rc4 31. Qxa7
Rfc8 32. h3 Rc1+ 33. Rxc1 Rxc1+ 34. Kh2 Bc6 35. Kg3 Rg1 36. f3 Rd1 37. Qa8+
Kh7 38. Qa2 Rd5 39. Qc2+ Kg8 40. Kf4 Rf5+ 41. Ke3 Re5+ 42. Kf2 Rf5 43. Qb2
Rd5 44. Qb6 Rb5 45. Qd8+ Kh7 46. Qd3+ Kg8 47. Kg3 Rd5 48. Qb3 Rg5+ 49. Kf2
Rb5 50. Qd3 Rd5 51. Qe3 Rb5 52. Qd3 Rb2+ 53. Kg3 Rb5 54. Qd8+ Kh7 55. Qd3+
Kg8 56. Qd8+ Kh7 57. h4 Rd5 58. Qe7 Rd7 59. Qb4 Rd5 60. Qb1+ Kg8 61. Qb6
Kh7 62. Qc7 Kg8 63. Qc8+ Kh7 64. Qf8 Rf5 65. Qb4 Rd5 66. Qe4+ Rf5 67. Qb4
Rb5 68. Qc3 Rf5 69. Qd3 Kg8 70. Qd8+ Kh7 71. Kf2 Rd5 72. Qe7 Rd7 73. Qb4
Rd5 74. Qb1+ Kg8 75. Kg3 Rb5 76. Qd3 Rd5 77. Qb3 Rb5 78. Qd3 Rd5 79. Qe3
Rf5 80. Qb6 Kh7 81. Qd8 Rd5 82. Qb8 Rd7 83. Qf4 Rd5 84. Qb4 Rd7 85. Qb2 Rd5
86. Qb1+ Kg8 87. Kf4 Rf5+ 88. Kg3 Rb5 89. Qd3 Rd5 90. Qb3 Rb5 91. Qc4 Rd5
92. Qb4 Kh7 93. Kf2 Rb5 94. Qd4 Rd5 95. Qc3 Kg8 96. Qc2 Rf5 97. Qb2 Rb5 98.
Qd4 Rd5 99. Qb6 Rd7 100. Qa7 Kh7 101. Qb8 Re7 102. Qa7 Rd7 103. Qc5 Rd5
104. Qc2+ Kg8 { Game drawn by mutual agreement } 1/2-1/2

[Event "ICC tourney 2329 (3 2)"]
[Site "Internet Chess Club"]
[Date "2021.01.22"]
[Round "7"]
[White "GGuseinov"]
[Black "jefferyx"]
[Result "1/2-1/2"]
[ICCResult "Game drawn by mutual agreement"]
[WhiteElo "2715"]
[BlackElo "2825"]
[Opening "Sicilian: Taimanov variation"]
[ECO "B46"]
[NIC "SI.44"]
[Time "23:26:09"]
[PlyCount "23"]
[TimeControl "180+2"]

1. e4 c5 2. Nc3 Nc6 3. Nf3 e6 4. d4 cxd4 5. Nxd4 a6 6. g3 Qc7 7. Bg2 Nf6 8.
O-O Bc5 9. Nxc6 dxc6 10. Na4 Ba7 11. c4 e5 12. c5 { Game drawn by mutual
agreement } 1/2-1/2

[Event "ICC tourney 2329 (3 2)"]
[Site "Internet Chess Club"]
[Date "2021.01.22"]
[Round "7"]
[White "BMWHero"]
[Black "Drachekokosnuss"]
[Result "1-0"]
[ICCResult "Black checkmated"]
[WhiteElo "2580"]
[BlackElo "2100"]
[Opening "Four knights game"]
[ECO "C47"]
[NIC "KP.06"]
[Time "23:25:57"]
[PlyCount "67"]
[TimeControl "180+2"]

1. e4 e5 2. Nf3 Nc6 3. Nc3 Nf6 4. Be2 Be7 5. d4 exd4 6. Nxd4 Nxd4 7. Qxd4
d6 8. Bg5 O-O 9. O-O-O Be6 10. f4 h6 11. h4 Ng4 12. Bxe7 Qxe7 13. f5 Bxf5
14. exf5 Ne3 15. Rde1 Nxg2 16. Nd5 Qe5 17. Qxe5 dxe5 18. Reg1 c6 19. Ne7+
Kh7 20. Rxg2 Rfe8 21. f6 gxf6 22. Bd3+ Kh8 23. Nf5 e4 24. Bc4 Kh7 25. Rg7+
Kh8 26. Rhg1 Rg8 27. Bxf7 Rxg7 28. Rxg7 Rf8 29. Kd2 Rd8+ 30. Ke3 Rd7 31. h5
Rd1 32. Rg6 Re1+ 33. Kf2 Rc1 34. Rxh6# { Black checkmated } 1-0

[Event "ICC tourney 2329 (3 2)"]
[Site "Internet Chess Club"]
[Date "2021.01.22"]
[Round "7"]
[White "MChessy"]
[Black "marinaxiao"]
[Result "0-1"]
[ICCResult "White checkmated"]
[WhiteElo "1950"]
[BlackElo "1496"]
[Opening "Sicilian: Pelikan (Lasker/Sveshnikov) variation"]
[ECO "B33"]
[NIC "SI.35"]
[Time "23:25:59"]
[PlyCount "36"]
[TimeControl "180+2"]

1. e4 c5 2. Nf3 Nc6 3. d4 cxd4 4. Nxd4 Nf6 5. Nc3 e5 6. Nb3 Bb4 7. Qf3 d5
8. Bd2 dxe4 9. Nxe4 Bxd2+ 10. Nbxd2 Nxe4 11. Qxe4 O-O 12. O-O-O Qe7 13. Bd3
f5 14. Bc4+ Kh8 15. Qf3 Nd4 16. Qh5 Qc5 17. Rhe1 b5 18. Bf7 Qxc2# { White
checkmated } 0-1

[Event "ICC tourney 2329 (3 2)"]
[Site "Internet Chess Club"]
[Date "2021.01.22"]
[Round "7"]
[White "PearsonH"]
[Black "BreatheChessAls"]
[Result "0-1"]
[ICCResult "White resigns"]
[WhiteElo "1752"]
[BlackElo "1915"]
[Opening "Queen's pawn, Mason variation"]
[ECO "D00"]
[NIC "QP.08"]
[Time "23:25:53"]
[PlyCount "70"]
[TimeControl "180+2"]

1. d4 d5 2. Bf4 c6 3. e3 Qb6 4. b3 g6 5. c4 Bg7 6. Nd2 e6 7. Ngf3 Nd7 8.
Bd3 Ngf6 9. h3 O-O 10. O-O Qa5 11. Ne5 Nxe5 12. Bxe5 Qd8 13. Qc2 b6 14.
cxd5 cxd5 15. Rac1 Bd7 16. Qc7 Qxc7 17. Rxc7 Rfc8 18. Rfc1 Ne8 19. Rxc8
Rxc8 20. Rxc8 Bxc8 21. Bxg7 Kxg7 22. Kf1 Nd6 23. Ke2 Bb7 24. Nf3 f6 25. Nd2
e5 26. dxe5 fxe5 27. f3 Nf5 28. Bxf5 gxf5 29. e4 fxe4 30. fxe4 d4 31. Nf3
Kf6 32. g3 Bxe4 33. Nd2 Bd5 34. h4 Kf5 35. Nc4 Bxc4+ { White resigns } 0-1

[Event "ICC tourney 2329 (3 2)"]
[Site "Internet Chess Club"]
[Date "2021.01.22"]
[Round "7"]
[White "ASharikov"]
[Black "HR2005"]
[Result "0-1"]
[ICCResult "White resigns"]
[WhiteElo "2281"]
[BlackElo "2041"]
[Opening "Nimzovich-Larsen attack: modern variation"]
[ECO "A01"]
[NIC "VO.08"]
[Time "23:25:57"]
[PlyCount "92"]
[TimeControl "180+2"]

1. b3 e5 2. Bb2 Nc6 3. e3 Nf6 4. Bb5 Bd6 5. Na3 a6 6. Be2 O-O 7. Nc4 Qe7 8.
Nxd6 cxd6 9. Nf3 d5 10. d4 d6 11. O-O Bg4 12. h3 Bxf3 13. Bxf3 Rfd8 14. g3
Rac8 15. a3 b5 16. Bg2 Qe6 17. g4 h6 18. Re1 Ne7 19. Qd2 Ng6 20. a4 e4 21.
axb5 axb5 22. Ra5 Nh4 23. Rxb5 Nxg4 24. Qe2 Nf6 25. Kh2 Qf5 26. Rg1 Nf3+
27. Bxf3 exf3 28. Qd3 Qxd3 29. cxd3 Rc2 30. Ba3 Rxf2+ 31. Kg3 Rd2 32. Kxf3
Rxd3 33. Ke2 Rc3 34. Rc1 Ne4 35. Rb6 Rxc1 36. Bxc1 Rc8 37. Ba3 Rc2+ 38. Kf1
Rf2+ 39. Kg1 Rf3 40. Kg2 Rxe3 41. Bc1 Re2+ 42. Kf3 Rf2+ 43. Ke3 Rc2 44. Ba3
Rc3+ 45. Ke2 Rxh3 46. Bb4 Rxb3 { White resigns } 0-1

[Event "ICC tourney 2329 (3 2)"]
[Site "Internet Chess Club"]
[Date "2021.01.22"]
[Round "7"]
[White "al68067"]
[Black "yuanbao2007"]
[Result "0-1"]
[ICCResult "White checkmated"]
[WhiteElo "1155"]
[BlackElo "1664"]
[Opening "Queen's bishop game"]
[ECO "D00"]
[NIC "QP.08"]
[Time "23:26:00"]
[PlyCount "66"]
[TimeControl "180+2"]

1. d4 d5 2. Bf4 Nf6 3. Nf3 c5 4. c3 Nc6 5. e3 e6 6. Bb5 Bd7 7. Nbd2 a6 8.
Ba4 Be7 9. O-O O-O 10. Rc1 b5 11. Bc2 b4 12. Bd3 c4 13. Be2 a5 14. b3 cxb3
15. Nxb3 a4 16. Nc5 Bxc5 17. dxc5 bxc3 18. Rxc3 Ne4 19. Rc2 Qa5 20. Bd6
Nxd6 21. cxd6 Qb4 22. Bc4 dxc4 23. Qe2 Qxd6 24. Rd1 Qe7 25. Rxc4 Rfd8 26.
Nd4 Ne5 27. Rb4 Rac8 28. Rb7 Qf6 29. h3 Qg6 30. Ra7 Nc6 31. Nxc6 Bxc6 32.
Rxd8+ Rxd8 33. Qc4 Qxg2# { White checkmated } 0-1

[Event "ICC tourney 2329 (3 2)"]
[Site "Internet Chess Club"]
[Date "2021.01.22"]
[Round "7"]
[White "InfernoKing"]
[Black "Shakhmatova"]
[Result "1-0"]
[ICCResult "Black checkmated"]
[WhiteElo "2133"]
[BlackElo "1756"]
[Opening "Bishop's opening: Berlin defense"]
[ECO "C24"]
[NIC "IG.04"]
[Time "23:25:55"]
[PlyCount "69"]
[TimeControl "180+2"]

1. e4 e5 2. Bc4 Nf6 3. d3 c6 4. Nf3 h6 5. Nc3 Bd6 6. O-O O-O 7. d4 Qc7 8.
dxe5 Bxe5 9. Nxe5 Qxe5 10. Re1 b5 11. Bb3 b4 12. Na4 Re8 13. f3 d5 14. Bd2
a5 15. exd5 Qh5 16. Rxe8+ Nxe8 17. Nb6 Bb7 18. Nxa8 Bxa8 19. Qe2 Nf6 20. d6
Nbd7 21. Be3 c5 22. Qa6 Bd5 23. Rd1 Bxf3 24. gxf3 Qxf3 25. Qd3 Ne5 26. Qd2
Ne4 27. d7 Qg4+ 28. Qg2 Qxd1+ 29. Qf1 Qxd7 30. a3 Qe7 31. axb4 cxb4 32. Bf4
Ng6 33. Be3 Qh4 34. Qxf7+ Kh7 35. Qg8# { Black checkmated } 1-0

[Event "ICC tourney 2329 (3 2)"]
[Site "Internet Chess Club"]
[Date "2021.01.22"]
[Round "7"]
[White "Fuydestroyer"]
[Black "JamesS"]
[Result "0-1"]
[ICCResult "White checkmated"]
[WhiteElo "129"]
[BlackElo "1364"]
[Opening "Caro-Kann: advance variation"]
[ECO "B12"]
[NIC "CK.04"]
[Time "23:25:59"]
[PlyCount "72"]
[TimeControl "180+2"]

1. e4 c6 2. d4 d5 3. e5 Bf5 4. Nf3 e6 5. Be2 Nd7 6. O-O h6 7. Bf4 Ne7 8.
Nc3 Qc7 9. Qd2 g5 10. Bg3 O-O-O 11. Rad1 Kb8 12. h3 c5 13. dxc5 Nc6 14. Bb5
Bxc5 15. Bxc6 Qxc6 16. Rfe1 Ka8 17. a3 Bb6 18. Na2 Qxc2 19. Qxc2 Bxc2 20.
Rc1 Be4 21. Nh2 Nc5 22. Rcd1 Nd3 23. Re2 h5 24. h4 g4 25. Kh1 Rc8 26. f3
gxf3 27. gxf3 Bf5 28. Nc3 Rhg8 29. Kg2 Nf4+ 30. Kf1 Bh3+ 31. Ke1 Rxg3 32.
Rf2 Bxf2+ 33. Kxf2 Rg2+ 34. Kf1 Rxh2+ 35. Ke1 Rg8 36. Ne2 Rxe2# { White
checkmated } 0-1

[Event "ICC tourney 2329 (3 2)"]
[Site "Internet Chess Club"]
[Date "2021.01.22"]
[Round "7"]
[White "Zapateado"]
[Black "muzikmixer"]
[Result "1-0"]
[ICCResult "Black resigns"]
[WhiteElo "1908"]
[BlackElo "1633"]
[Opening "English opening"]
[ECO "A10"]
[NIC "EO.22"]
[Time "23:26:04"]
[PlyCount "83"]
[TimeControl "180+2"]

1. c4 d6 2. Nc3 e5 3. e4 Nf6 4. g3 Be7 5. Bg2 c6 6. Nge2 O-O 7. O-O a6 8.
d3 b5 9. b3 b4 10. Nb1 a5 11. Bb2 a4 12. bxa4 Qb6 13. d4 Qa5 14. Nd2 Qxa4
15. Qxa4 Rxa4 16. dxe5 dxe5 17. Bxe5 Na6 18. Nb3 Nc5 19. Nxc5 Bxc5 20. Bd4
Be7 21. e5 Ng4 22. Bxc6 Ra3 23. Bb2 Ra7 24. Nf4 Bc5 25. Nd3 Be7 26. Bd4 Ra3
27. Bc5 Bxc5 28. Nxc5 Rc3 29. Rfc1 Ra3 30. f4 Ne3 31. Nb3 Bh3 32. Bf3 Ng4
33. c5 Rd8 34. c6 Rc8 35. Rd1 h5 36. Rd7 Ne3 37. c7 Kh7 38. Rxf7 Nc2 39.
Be4+ Kh6 40. Bxc2 Ra7 41. Rd1 Raxc7 42. Rd6+ { Black resigns } 1-0

[Event "ICC tourney 2329 (3 2)"]
[Site "Internet Chess Club"]
[Date "2021.01.22"]
[Round "7"]
[White "hackerguru"]
[Black "Ben2008"]
[Result "0-1"]
[ICCResult "White forfeits on time"]
[WhiteElo "1750"]
[BlackElo "1900"]
[Opening "English: Carls' Bremen system"]
[ECO "A22"]
[NIC "EO.01"]
[Time "23:26:02"]
[PlyCount "66"]
[TimeControl "180+2"]

1. c4 e5 2. Nc3 Nf6 3. g3 Nc6 4. Bg2 Bb4 5. Nf3 O-O 6. O-O Bxc3 7. bxc3 d5
8. cxd5 Nxd5 9. Ba3 Re8 10. Rb1 Rb8 11. e4 Nf6 12. Qc2 Be6 13. d3 Qc8 14.
Ng5 Bd7 15. f4 h6 16. fxe5 Nxe5 17. Nf3 c5 18. Nxe5 Rxe5 19. Qf2 b6 20. d4
Re6 21. e5 Ng4 22. Qxf7+ Kh8 23. Rbe1 Re8 24. Bd5 cxd4 25. cxd4 Qc3 26. Qf3
Qxd4+ 27. Kg2 Nxe5 28. Qe4 Qxe4+ 29. Rxe4 Ng4 30. Rfe1 Rxe4 31. Rxe4 Nf6
32. Re7 Bf5 33. Bf3 Rc8 { White forfeits on time } 0-1

[Event "ICC tourney 2329 (3 2)"]
[Site "Internet Chess Club"]
[Date "2021.01.22"]
[Round "7"]
[White "DualMoneytime"]
[Black "jy2020"]
[Result "0-1"]
[ICCResult "White resigns"]
[WhiteElo "1982"]
[BlackElo "2213"]
[Opening "Sicilian: closed"]
[ECO "B23"]
[NIC "SI.44"]
[Time "23:25:55"]
[PlyCount "76"]
[TimeControl "180+2"]

1. e4 c5 2. Nc3 d6 3. f4 g6 4. Nf3 Bg7 5. Bb5+ Bd7 6. Bc4 e6 7. O-O Nc6 8.
f5 Nf6 9. d3 O-O 10. Qe1 Nd4 11. Nxd4 cxd4 12. Ne2 d5 13. exd5 exd5 14. Bb3
Bxf5 15. Nxd4 Re8 16. Qh4 Qb6 17. Kh1 Bd7 18. c3 Be6 19. Bh6 Nd7 20. Bxg7
Kxg7 21. Qg5 h6 22. Qg3 Rac8 23. Nf5+ Bxf5 24. Rxf5 Nf6 25. Raf1 Re6 26.
Bxd5 Rd6 27. Bc4 Re8 28. R5f2 Re7 29. h3 Qd8 30. Qh4 Re3 31. Kh2 Qe7 32.
Rxf6 Rxf6 33. Rxf6 Qxf6 34. Qxf6+ Kxf6 35. Bd5 b6 36. Be4 Re2 37. b4 Rxa2
38. Bd5 Ra3 { White resigns } 0-1

[Event "ICC tourney 2329 (3 2)"]
[Site "Internet Chess Club"]
[Date "2021.01.22"]
[Round "7"]
[White "TjkTiger"]
[Black "Goran21"]
[Result "1-0"]
[ICCResult "Black resigns"]
[WhiteElo "2597"]
[BlackElo "2008"]
[Opening "King's Indian: fianchetto, lesser Simagin (Spassky) variation"]
[ECO "E62"]
[NIC "KI.72"]
[Time "23:26:49"]
[PlyCount "81"]
[TimeControl "180+2"]

1. c4 g6 2. Nc3 Bg7 3. Nf3 Nf6 4. g3 O-O 5. Bg2 d6 6. d4 Nc6 7. O-O Bf5 8.
d5 Na5 9. b3 Nxd5 10. Nxd5 Bxa1 11. Bd2 c6 12. Bxa5 b6 13. Qxa1 cxd5 14.
Bd2 e5 15. Bh6 Re8 16. Ng5 d4 17. Bd5 Be6 18. Nxe6 fxe6 19. Bxa8 Qxa8 20.
Qd1 Re7 21. e3 Qe4 22. f3 Qf5 23. exd4 Qh5 24. Be3 Rf7 25. dxe5 Qxe5 26.
Qd4 Qa5 27. Qd2 Qh5 28. Qxd6 e5 29. Qd5 Qf5 30. Bh6 Qf6 31. Qa8+ Rf8 32.
Qxf8+ Qxf8 33. Bxf8 Kxf8 34. Kf2 Ke7 35. Ke3 Kd6 36. Ke4 Kc5 37. a3 a5 38.
Rd1 a4 39. Rd5+ Kc6 40. b4 b5 41. Rxb5 { Black resigns } 1-0

[Event "ICC tourney 2329 (3 2)"]
[Site "Internet Chess Club"]
[Date "2021.01.22"]
[Round "7"]
[White "ZYCON"]
[Black "ved2006"]
[Result "0-1"]
[ICCResult "White forfeits on time"]
[WhiteElo "1385"]
[BlackElo "1686"]
[Opening "QGD Slav: 3.Nf3"]
[ECO "D11"]
[NIC "SL.01"]
[Time "23:25:55"]
[PlyCount "78"]
[TimeControl "180+2"]

1. d4 d5 2. c4 c6 3. Nf3 dxc4 4. e3 b5 5. a4 Nf6 6. b3 cxb3 7. Qxb3 bxa4 8.
Rxa4 Nbd7 9. Nc3 Nb6 10. Ra1 e6 11. Bd3 Be7 12. O-O O-O 13. Ne5 Qc7 14. Ba3
Bxa3 15. Rxa3 Nbd5 16. Nxd5 cxd5 17. Ba6 Bxa6 18. Rxa6 Rfb8 19. Qa2 Rb6 20.
Rxb6 Qxb6 21. Rb1 Qc7 22. Qa4 h6 23. h3 Ne4 24. Ra1 Qb6 25. Qa3 Nd6 26. Nd7
Qc7 27. Nc5 Nc4 28. Qa6 Qb6 29. Qxb6 Nxb6 30. Na4 Nxa4 31. Rxa4 a5 32. Kh2
Kf8 33. Kg3 Ke7 34. Kf4 Kd6 35. e4 g5+ 36. Ke3 dxe4 37. Kxe4 f5+ 38. Kd3
Kd5 39. f3 f4 { White forfeits on time } 0-1

[Event "ICC tourney 2329 (3 2)"]
[Site "Internet Chess Club"]
[Date "2021.01.22"]
[Round "7"]
[White "stephenwilly"]
[Black "anmolwarman"]
[Result "1-0"]
[ICCResult "Black forfeits on time"]
[WhiteElo "1460"]
[BlackElo "1187"]
[Opening "Sicilian: Alapin's variation (2.c3)"]
[ECO "B22"]
[NIC "SI.46"]
[Time "23:25:56"]
[PlyCount "81"]
[TimeControl "180+2"]

1. e4 c5 2. c3 g6 3. d4 cxd4 4. cxd4 Bg7 5. Nc3 Nc6 6. Nf3 Nf6 7. d5 Nb4 8.
a3 Na6 9. e5 Ng4 10. Bf4 O-O 11. h3 Nh6 12. g4 d6 13. Qd2 Nxg4 14. hxg4
dxe5 15. Bxe5 f6 16. Bf4 Nc5 17. Bc4 a6 18. d6+ Kh8 19. Bh6 g5 20. Bxg7+
Kxg7 21. Nxg5 Qxd6 22. Rxh7+ Kg6 23. Rh6+ Kg7 24. Qe3 b5 25. Rd1 Qe5 26.
Rh7+ Kg6 27. Rh6+ Kg7 28. Nce4 Nxe4 29. Rd5 Qxb2 30. Qxe4 Qc1+ 31. Rd1 Qc3+
32. Rd2 Qc1+ 33. Rd1 Qc3+ 34. Kf1 Kxh6 35. Qh7+ Kxg5 36. Qh5+ Kf4 37. Qh2+
Kg5 38. Rd5+ Kg6 39. Bd3+ f5 40. gxf5+ Bxf5 41. Qg2+ { Black forfeits on
time } 1-0

[Event "ICC tourney 2329 (3 2)"]
[Site "Internet Chess Club"]
[Date "2021.01.22"]
[Round "7"]
[White "ConnorGo"]
[Black "Gnanathan"]
[Result "1-0"]
[ICCResult "Black checkmated"]
[WhiteElo "1145"]
[BlackElo "1101"]
[Opening "Sicilian: Grand Prix attack"]
[ECO "B23"]
[NIC "SI.44"]
[Time "23:26:49"]
[PlyCount "61"]
[TimeControl "180+2"]

1. e4 c5 2. Nc3 Nc6 3. f4 e6 4. Nf3 d5 5. e5 Be7 6. d4 cxd4 7. Nxd4 Nxd4 8.
Qxd4 Qa5 9. Bd2 Bb4 10. Bb5+ Bd7 11. Bxd7+ Kxd7 12. Qd3 Ne7 13. O-O Qc5+
14. Kh1 Rac8 15. Be3 Qc6 16. f5 Nxf5 17. Rxf5 exf5 18. Qxf5+ Qe6 19. Qd3
Qxe5 20. Bd4 Qc7 21. Qh3+ Ke7 22. Re1+ Kf8 23. Qg4 f6 24. Nxd5 Qd6 25.
Qxc8+ Kf7 26. Qxb7+ Kg6 27. Re3 Rb8 28. Rg3+ Kh6 29. Qxg7+ Kh5 30. Qg4+ Kh6
31. Rh3# { Black checkmated } 1-0

[Event "ICC tourney 2329 (3 2)"]
[Site "Internet Chess Club"]
[Date "2021.01.22"]
[Round "7"]
[White "kurumania"]
[Black "Assured"]
[Result "0-1"]
[ICCResult "White forfeits on time"]
[WhiteElo "2514"]
[BlackElo "2577"]
[Opening "Scandinavian (center counter) defense"]
[ECO "B01"]
[NIC "SD.02"]
[Time "23:26:07"]
[PlyCount "82"]
[TimeControl "180+2"]

1. e4 d5 2. exd5 Qxd5 3. Nc3 Qd8 4. d4 c6 5. g3 Bf5 6. Bg2 e6 7. Nf3 Be7 8.
Bf4 Nd7 9. Qe2 Ngf6 10. O-O-O O-O 11. Nh4 Bg4 12. f3 Bh5 13. g4 Bg6 14.
Nxg6 hxg6 15. h4 Nd5 16. Nxd5 cxd5 17. g5 Rc8 18. Kb1 Qb6 19. Bc1 Rc4 20.
f4 Rfc8 21. Rd2 Bb4 22. Rd3 Rxc2 23. Qxc2 Rxc2 24. Kxc2 Qa6 25. Rhh3 Qxa2
26. Rb3 Qa4 27. Kb1 Nb6 28. Rbd3 Qb5 29. Rd1 Nc4 30. Bf1 Qa4 31. b3 Na3+
32. Bxa3 Qxa3 33. Rc1 Kf8 34. Rc8+ Ke7 35. Rc7+ Kd6 36. Rxb7 Bd2 37. Bb5
Qc1+ 38. Ka2 Qc2+ 39. Ka3 Bc1+ 40. Kb4 Qd2+ 41. Rc3 a5+ { White forfeits on
time } 0-1